Mandevil, lawful male human Samurai --- ..| ----------------------------..| # |..........................|%.| ############* |.............<........)......|##### .. ---.............)............|..|. *. |...................)......(.|..|.. ------------------------------..|-. ....|... --).|.... ------ |..|..... .....| |..|....... --.|.-------..|.....|.. ------.|..........|.....|.... I.III.^|-------------..-----... ------.|......................... |.....................|........ -------------------------------- Mandevil the Ninja Experience level: 8 Strength: 16 Dexterity: 16 Constitution: 18 Intelligence: 10 Wisdom: 8 Charisma: 9 Health: 0(78) Energy: 25(25) Def: 11 Gold: 0 Moves: 5128 Dungeon seed: u8hS9fDwQIdzOQ_b Game ID: Mandevil_1464963876 Your Inventory: Amulets C - a blessed amulet of flying (being worn) Weapons a - a +0 katana (weapon in hand) c - a blessed +1 yumi (alternate weapon; not wielded) d - 41 +0 ya i - 12 blessed +1 arrows J - 10 blessed +0 shuriken N - 6 blessed +1 shuriken T - 24 blessed +0 ya (in quiver) Armor j - an uncursed +0 dwarvish iron helm (being worn) l - an uncursed +0 pair of iron shoes (being worn) n - an uncursed rustproof +0 splint mail (being worn) t - a cursed +0 cloak of magic resistance (being worn) Comestibles u - 2 uncursed gunyoki W - an uncursed slime mold Rings o - an uncursed ring of regeneration p - an uncursed +1 ring of increase damage X - an uncursed ring of sustain ability Wands f - a wand of probing (0:3) G - a cursed wand of magic missile (0:4) K - a cursed wand of digging (0:6) L - a cursed wand of slow monster (0:4) U - a wand of magic missile (0:8) Tools e - a +0 pick-axe h - an uncursed bag of holding k - an uncursed osaku m - a bag of tricks (0:15) q - an uncursed pair of lenses v - 3 uncursed tallow candles (0:200) w - an uncursed magic whistle B - 9 uncursed wax candles (0:400) P - a cursed magic lamp (lit) R - an uncursed blindfold Gems b - 3 uncursed emeralds g - an uncursed worthless piece of white glass r - 4 uncursed amethyst stones s - 2 uncursed worthless pieces of yellow glass x - an uncursed turquoise stone y - an uncursed worthless piece of green glass A - 3 uncursed rubies D - an uncursed worthless piece of red glass E - an uncursed luckstone Z - 3 uncursed diamonds Contents of the bag of holding: 609 gold pieces 6 +0 arrows a +0 katana 9 poisoned +0 shuriken 123 +0 shuriken a +2 wakizashi 121 +0 ya an uncursed gunyoki 2 uncursed pears a blessed scroll of blank paper an uncursed scroll of blank paper a cursed scroll of light an uncursed potion of object detection an uncursed chrysoberyl stone an uncursed fluorite stone an uncursed turquoise stone 4 uncursed worthless pieces of green glass 2 uncursed worthless pieces of orange glass 6 uncursed worthless pieces of red glass 2 uncursed worthless pieces of white glass 2 uncursed worthless pieces of yellow glass 3 uncursed worthless pieces of yellowish brown glass Spells and supernatural/magical abilities: Name Level Category Fail Memory W - pray for help -- divine ? -- Your skills at the end: Miscellaneous Skills martial arts [Basic] wands [Basic] Weapon Skills short sword [Basic] long sword [Skilled] bow [Basic] Spellcasting Skills Final Attributes: You were fervently aligned. You were shock resistant. You were magic-protected. You were blinded. You could fly. You were fast. You were lucky. You had extra luck. Bad luck did not time out for you. Good luck did not time out for you. You are dead. Vanquished creatures: a ghost a flaming sphere a gelatinous cube a leocrotta a giant beetle a mumak a giant spider 3 gnome kings 2 dwarf mummies an ogre a brown pudding a yeti a gold golem 3 chickatrices a water nymph a wood nymph 2 rock moles a pony 2 yellow lights a shrieker a violet fungus 11 gnome lords 6 gnomish wizards a guardian naga hatchling 2 gray oozes a barrow wight 2 elf zombies a paper golem a floating eye a kitten 3 dwarves 2 homunculi a kobold lord 3 iguanas 6 hill orcs 3 rothes a rabid rat a giant bat 11 killer bees a coyote a gas spore 3 hobbits 2 geckos 3 hobgoblins 3 giant rats a cave spider a brown mold a red mold 44 gnomes 10 manes 2 gnome zombies 6 jackals a fox 2 kobolds 5 newts 2 goblins 4 grid bugs a lichen a kobold zombie 179 creatures vanquished. Voluntary challenges: You had been an atheist until turn 1804. You used a wielded weapon 225 times, starting on turn 69. You did not apply a unicorn horn. You read items or engraved 18 times, starting on turn 1788. You never genocided any monsters. You never polymorphed an object. You never changed form. You used no wishes. You never split a pudding. You wrote Elbereth's name 15 times, starting on turn 1789. You violated your moral code, losing 2 points of alignment, starting on turn 5125. Dungeon overview: The Dungeons of Doom: levels 1 to 3 Level 1 a fountain a long staircase Level 2 a fountain Level 3 stairs to The Gnomish Mines The Gnomish Mines: levels 4 to 11 Level 4 stairs to The Dungeons of Doom Level 5 Level 6 many shops, a temple to Raijin, a magic chest, some fountains Level 7 Level 8 Level 9 Level 10 Level 11 <- You were here History has recorded: On T:1 you entered the Dungeons of Doom to retrieve the Amulet of Yendor! On T:250 you advanced to experience level 2. On T:311 you reached level 2 of The Dungeons of Doom. On T:609 you reached level 3 of The Dungeons of Doom. On T:878 you advanced to experience level 3. On T:985 you reached level 1 of The Gnomish Mines. On T:1018 you advanced to experience level 4. On T:1287 you advanced to experience level 5. On T:1533 you reached level 2 of The Gnomish Mines. On T:1723 you reached level 3 of The Gnomish Mines. On T:1782 you opened a magic chest. On T:1784 you entered the Minetown temple On T:1819 you opened a magic chest. On T:1821 you opened a magic chest. On T:1821 you opened a magic chest. On T:1879 you opened a magic chest. On T:1901 you opened a magic chest. On T:1910 you opened a magic chest. On T:1911 you opened a magic chest. On T:1911 you opened a magic chest. On T:1927 you opened a magic chest. On T:1962 you opened a magic chest. On T:2011 you advanced to experience level 6. On T:2174 you opened a magic chest. On T:2184 you opened a magic chest. On T:2395 you opened a magic chest. On T:2406 you opened a magic chest. On T:2407 you opened a magic chest. On T:2544 you opened a magic chest. On T:2566 you opened a magic chest. On T:2682 you reached level 4 of The Gnomish Mines. On T:2787 you advanced to experience level 7. On T:3117 you reached level 5 of The Gnomish Mines. On T:3450 you reached level 6 of The Gnomish Mines. On T:3697 you reached level 7 of The Gnomish Mines. On T:3849 you advanced to experience level 8. On T:4058 you reached level 8 of The Gnomish Mines. On T:4058 you reached the bottom of the Mines. On T:4468 you opened a magic chest. On T:4470 you opened a magic chest. Score breakdown: Gold: 609 ( 60 points) Experience: 8 levels ( 700 points) Exploration: 11 levels ( 300 points) Discoveries: 12 items ( 600 points) Variety of kills: 59 monsters ( 2000 points) Major goal: reached Mine's End ( 1000 points) Survival: died (score multiplied by 3) Total score: 13980 Latest messages: You have a little trouble lifting X - an uncursed moonstone ring. You have a little trouble lifting U - an uncursed wand of magic missile. You have a little trouble lifting m - an uncursed bag of tricks. You have a little trouble lifting B - 2 uncursed candles. You have a little trouble lifting w - an uncursed magic whistle. You have a little trouble lifting v - 3 uncursed tallow candles. You have a little trouble lifting y - an uncursed blue gem. You have a little trouble lifting r - an uncursed green gem. You have a little trouble lifting n - 4 uncursed red gems. You have a little trouble lifting O - an uncursed violet gem. You have a little trouble lifting Y - 2 uncursed white gems. You have a little trouble lifting z - 2 uncursed yellow gems. You have a little trouble lifting Q - 3 uncursed yellowish brown gems. 3 yellowish brown gems land on the altar. Wait! There's something there you can't see! Something scratches you! (2x) You die... Final status: Sayonara Mandevil the Samurai, killed by an ettin mummy... You died in The Gnomish Mines on dungeon level 11 with 13980 points, and 609 pieces of gold, after 5128 moves. You were level 8 with a maximum of 78 hit points when you died.